 Dungeon Crawl Stone Soup version 0.24.0-13-gcf9b319 (webtiles) character file.

Game seed: 2171912420445754491, levelgen mode: deterministic

471 Bronimir the Conjurer (level 7, -5/43 HPs)
             Began as an Octopode Conjurer on Apr 6, 2020.
             Was an Initiate of Vehumet.
             Slain by a centaur zombie (7 damage)
             ... on level 5 of the Dungeon on Apr 7, 2020.
             The game lasted 00:17:11 (6649 turns).

Bronimir the Conjurer (Octopode Conjurer)           Turns: 6649, Time: 00:17:12

Health: -5/43      AC:  1    Str:  7    XL:     7   Next: 9%
Magic:  5/12       EV: 14    Int: 19    God:    Vehumet [......]
Gold:   170        SH:  0    Dex: 13    Spells: 4/13 levels left

rFire    . . .     SeeInvis .   x - +0 whip
rCold    + . .     Gourm    .   (no shield)
rNeg     . . .     Faith    .   (helmet restricted)
rPois    .         Spirit   .   (no amulet)
rElec    .         Reflect  .   g - ring of protection from cold
rCorr    .         Harm     .   (no ring)
MR       .....                  (no ring)
Stlth    +++.......             (no ring)
HPRegen  0.14/turn              (no ring)
MPRegen  0.13/turn              (no ring)
                                (no ring)
                                (no ring)

@: no status effects
A: almost no armour, stealthy swim, amphibious, 8 rings, constrict 8, camouflage
1, gelatinous body 1
a: Renounce Religion


You were on level 5 of the Dungeon.
You worshipped Vehumet.
Vehumet was noncommittal.
You were very hungry.

You visited 1 branch of the dungeon, and saw 5 of its levels.

You collected 170 gold pieces.

Inventory:

Hand Weapons
 m - a +0 club
 x - a +0 whip (weapon)
Missiles
 a - 50 arrows
 d - 16 sling bullets
 e - 15 poisoned darts (quivered)
 k - 153 stones
 o - 19 bolts
Armour
 u - a scarf of repulsion
Jewellery
 g - a ring of protection from cold (left tentacle)
Wands
 c - a wand of acid (4)
 v - a wand of flame (11)
Scrolls
 f - 3 scrolls of teleportation
 h - 3 scrolls of remove curse
 i - 3 scrolls of amnesia {unknown}
 n - 3 scrolls of enchant armour {unknown}
 p - 4 scrolls of identify {unknown}
 r - 2 scrolls of noise {unknown}
 s - a scroll of magic mapping {unknown}
 w - a scroll of random uselessness {unknown}
 y - a scroll of fear {unknown}
Potions
 j - a potion of invisibility {unknown}
 q - a potion of brilliance {unknown}
 t - a potion of agility {unknown}
 z - a potion of haste {unknown}
Comestibles
 b - 7 rations
 A - a chunk of flesh


   Skills:
 + Level 1.3 Fighting
 + Level 0.6 Maces & Flails
 * Level 3.5 Dodging
 - Level 2.6 Stealth
 + Level 3.8 Spellcasting
 * Level 6.1 Conjurations
 * Level 1.3 Hexes


You had 4 spell levels left.
You knew the following spells:

 Your Spells              Type           Power        Failure   Level  Hunger
a - Magic Dart            Conj           ####         1%          1    None
b - Searing Ray           Conj           ####..       1%          2    ##.....
c - Dazzling Spray        Conj/Hex       ###...       9%          3    ###....
d - Confuse               Hex            #.......     24%         3    ###....

Your spell library contained the following spells:

 Spells                   Type           Power        Failure   Level  Hunger
 Corona                   Hex            #......      9%          1    None
 Iskenderun's Mystic Bla  Conj           ####....     11%         4    ####...
 Ensorcelled Hibernation  Hex/Ice        #.....       16%         2    ##.....
 Tukima's Dance           Hex            #.......     24%         3    ###....
 Fulminant Prism          Conj/Hex       ###.......   30%         4    ####...
 Force Lance              Conj/Tloc      ###.....     36%         4    ####...


Dungeon Overview and Level Annotations

Branches:
Dungeon (5/15)
 Temple: D:4-7

Altars:
Makhleb
Okawaru
Vehumet


Innate Abilities, Weirdness & Mutations

You cannot wear most types of armour.
You are very stealthy in the water. (Stealth+)
You are amphibious.
You can wear up to eight rings at the same time.
You can use your tentacles to constrict eight enemies at once.
Your skin changes colour to match your surroundings (Stealth+).
Your rubbery body absorbs attacks. (AC +1, EV +1)


Message History

* * * LOW HITPOINT WARNING * * *
The centaur zombie hits you.
* * * LOW HITPOINT WARNING * * *
Found a potion of heal wounds.
A howler monkey skeleton comes into view.
Eat one of 2 chunks of flesh? (ye/n/q)
You eat one of the 2 chunks of flesh.
This raw flesh tastes terrible.
You are feeling very hungry.
The centaur zombie completely misses you.
The orc throws a stone.
The stone hits you.
* * * LOW HITPOINT WARNING * * *
The centaur zombie hits you.
* * * LOW HITPOINT WARNING * * *
You feel better. The centaur zombie closely misses you.
The centaur zombie hits you.
* * * LOW HITPOINT WARNING * * *
Found a fuming silvery potion.
There is a stone staircase leading up here.
The centaur zombie hits you!
You die...

#...#.#########
####..........#
#..........#
#..<.......#
#...####...########
#..................
#.#....#..........#
########....o...........
.......@ZW..o......#####
..........(.#...##+#).(#
.....###......### #...#
..#. #.....## #...# ..!
#...Z.+


#loo# .. #.....# #.W.# . ....#..# #...# .!#####...# #...# .## .#....##'## You
could see a hungry ghost, 2 orcs, a centaur zombie and a howler monkey skeleton.

Vanquished Creatures
  A crimson imp (D:4)
  An orc wizard (D:5)
  A hound (D:4)
  An orc priest (D:5)
  2 bullfrog skeletons (D:5)
  An iguana (D:4)
  Natasha (thrice) (D:4)
  2 worker ants
  Robin (D:2)
  6 adders
  An ooze (D:2)
  An adder skeleton (D:4)
  A dart slug (D:2)
  4 leopard geckos
  7 orcs
  2 giant cockroaches
  14 goblins
  6 hobgoblins
  2 quokkas (D:2)
  A ball python (D:5)
  5 bats
  5 frilled lizards
  5 kobolds
  4 rats
77 creatures vanquished.

Notes
Turn   | Place    | Note
-------+----------+-------------------------------------------
     0 | D:1      | Bronimir the Octopode Conjurer began the quest for the Orb.
     0 | D:1      | Reached XP level 1. HP: 11/11 MP: 3/3
   272 | D:1      | Reached XP level 2. HP: 17/17 MP: 1/5
   755 | D:2      | Noticed Robin
  1098 | D:2      | Reached XP level 3. HP: 21/21 MP: 2/6
  1140 | D:2      | Learned a level 2 spell: Searing Ray
  1144 | D:2      | Learned a level 3 spell: Dazzling Spray
  2200 | D:2      | Reached XP level 4. HP: 24/27 MP: 2/7
  2598 | D:2      | Killed Robin
  2598 | D:2      | Reached skill level 5 in Conjurations
  3579 | D:3      | Found a faded altar of an unknown god.
  3786 | D:4      | Reached XP level 5. HP: 12/32 MP: 1/9
  4119 | D:4      | Noticed Natasha
  4126 | D:4      | Killed Natasha
  4364 | D:4      | Found a burning altar of Makhleb.
  4364 | D:4      | Noticed a phantom
  4365 | D:4      | Found a radiant altar of Vehumet.
  4369 | D:4      | Reached XP level 6. HP: 37/37 MP: 5/11
  4383 | D:4      | Became a worshipper of Vehumet
  4406 | D:4      | Noticed Natasha
  4568 | D:4      | Killed Natasha
  4827 | D:3      | Learned a level 3 spell: Confuse
  4836 | D:4      | Noticed Natasha
  5299 | D:4      | Killed Natasha
  5587 | D:4      | Reached skill level 1 in Fighting
  6054 | D:5      | Entered Level 5 of the Dungeon
  6054 | D:5      | Found an iron altar of Okawaru.
  6061 | D:5      | Reached skill level 1 in Hexes
  6181 | D:5      | Reached skill level 6 in Conjurations
  6594 | D:5      | Noticed a hungry ghost
  6604 | D:5      | Reached XP level 7. HP: 43/43 MP: 4/12
  6644 | D:5      | HP: 2/43 [centaur zombie (1)]
  6649 | D:5      | Slain by a centaur zombie

Levels and vault maps discovered:
D:1:      lightli_arrival_flooded_house, layout_basic
D:2:      layout_loops_cross, uniq_robin
D:3:      layout_basic, chequers_ecumenical_altar_grove
D:4:      layout_loops_ring, grunt_temple_overflow_lords_of_destruction,
          first_ration, uniq_natasha
D:5:      layout_rooms, lemuel_crystal_altar, lemuel_coloured_pillars_altar,
          overflow_temple_1_default, marbit_many_paths, serial_shops,
          kennysheep_little_box, small_statue_intersection,
          minmay_divided_ellipse

Skill      XL: |  1  2  3  4  5  6 |
---------------+-------------------+-----
Conjurations   | 5 6 |  6.1
Spellcasting   | 3 |  3.8
Dodging        | 3 |  3.5
Fighting       | 1 |  1.3
Hexes          | 1 |  1.3
Maces & Flails | |  0.6
Stealth        | |  2.6

Action                   |  1- 3 |  4- 6 |  7- 9 || total
-------------------------+-------+-------+-------++-------
Melee: Unarmed           |     6 |       |       ||     6
       Tentacles         |     3 |     6 |       ||     9
       Constrict         |     5 |     4 |       ||     9
       Spear             |     3 |       |       ||     3
       Club              |    18 |    26 |       ||    44
       Whip              |       |    14 |       ||    14
 Cast: Magic Dart        |    45 |    76 |       ||   121
       Dazzling Spray    |    10 |     5 |       ||    15
       Searing Ray       |       |    21 |     1 ||    22
       Confuse           |       |     3 |       ||     3
Evoke: Wand              |       |       |     5 ||     5
  Use: Scroll            |     2 |       |       ||     2
       Potion            |     1 |       |     1 ||     2
 Stab: Sleeping          |     1 |     1 |       ||     2
       Invisible         |     1 |       |       ||     1
  Eat: Chunk             |     5 |     6 |     1 ||    12
       Ration            |       |     3 |       ||     3
Armor: Skin              |     4 |     4 |     1 ||     9
Dodge: Dodged            |    37 |   110 |    11 ||   158
